[Event "Titled Tuesday Blitz April 11 Early 2023"]
[White "Rottenwohrer Suarez, Juan"]
[Black "Jaferian, Koosha"]
[WhiteFideId "32068182"]
[BlackFideId "12507440"]
[WhiteElo "2174"]
[BlackElo "2073"]
[Result "0-1"]
[Round "02"]
[TimeControl "180+2"]
[Date "2023.04.11"]
[WhiteClock "0:01:46"]
[BlackClock "0:02:16"]

1. d4 Nf6 2. c4 e6 3. Nc3 Bb4 4. Qc2 O-O 5. Nf3 d5 6. cxd5 exd5 7. Bg5 h6 8. Bxf6 Qxf6 9. a3 Bxc3+ 10. Qxc3 c6 11. e3 Bf5 12. Be2 Nd7 13. O-O Rfe8 14. b4 Bg4 15. h3 Bh5 16. Rfe1 Nb6 17. a4 Nc4 18. Bxc4 Bxf3 19. Bf1 Be4 20. b5 Re6 21. bxc6 Rxc6 22. Qb3 Rb6 23. Qa3 Qg5 24. Rac1 Bxg2 25. Bxg2 Rg6 26. Kf1 Qxg2+ 27. Ke2 Qxh3 28. Rc7 Rf6 0-1


[Site "https://www.chess.com"]

[Event "Titled Tuesday Blitz April 11 Early 2023"]
[White "Vetoshko, Volodymyr"]
[Black "Tarasova, Viktoriya"]
[WhiteFideId "14122480"]
[BlackFideId "4175840"]
[WhiteElo "2422"]
[BlackElo "2182"]
[Result "1/2-1/2"]
[Round "02"]
[TimeControl "180+2"]
[Date "2023.04.11"]
[WhiteClock "0:00:03"]
[BlackClock "0:00:18"]

1. e4 e5 2. f4 d5 3. exd5 exf4 4. Nf3 Nf6 5. Bb5+ Bd7 6. Bxd7+ Qxd7 7. c4 c6 8. dxc6 Nxc6 9. d4 O-O-O 10. O-O Nxd4 11. Bxf4 Bc5 12. Kh1 h6 13. Nc3 Nxf3 14. Qxf3 Qd3 15. Rad1 Qxf3 16. gxf3 Rxd1 17. Rxd1 Rd8 18. Rxd8+ Kxd8 19. Be5 Ne8 20. Kg2 f6 21. Bg3 Bd4 22. Nb5 Bxb2 23. Nxa7 Bd4 24. Nb5 Bc5 25. Bf2 Bb4 26. f4 Kd7 27. Kf3 Nd6 28. Nxd6 Bxd6 29. Ke4 g6 30. Be3 Ke6 31. h3 f5+ 32. Kd3 Kd7 33. c5 Be7 34. Kc4 Kc6 35. a4 g5 36. fxg5 hxg5 37. Bd4 f4 38. Bf2 Bd8 39. Kd3 Be7 40. Kc4 Bd8 41. Kd3 Be7 42. Kc4 1/2-1/2


[Site "https://www.chess.com"]

[Event "Titled Tuesday Blitz April 11 Early 2023"]
[White "Tregubov, Pavel V."]
[Black "KorolDimitriy75"]
[WhiteFideId "4115341"]
[WhiteElo "2425"]
[BlackElo "2372"]
[Result "1-0"]
[Round "02"]
[TimeControl "180+2"]
[Date "2023.04.11"]
[WhiteClock "0:00:09"]
[BlackClock "0:00:01"]

1. e4 c5 2. Nf3 d6 3. Bb5+ Nd7 4. Ba4 Nf6 5. O-O g6 6. Re1 Bg7 7. c3 O-O 8. d4 e5 9. dxe5 dxe5 10. c4 Nb6 11. Qxd8 Rxd8 12. Bb3 Be6 13. Nxe5 Nh5 14. Nf3 Bxc4 15. Nc3 Bxb3 16. axb3 Rd3 17. e5 Nd7 18. Bg5 Rxf3 19. gxf3 Nxe5 20. Kg2 Nd3 21. Re7 Nxb2 22. Nd5 Nd3 23. Rd1 Ne5 24. Rxb7 Nc6 25. Rc7 Nd4 26. Rxc5 h6 27. Be3 Nxb3 28. Rb5 Na1 29. Bd4 Nc2 30. Bxg7 Kxg7 31. Rd3 Rc8 32. Kf1 1-0


[Site "https://www.chess.com"]

[Event "Titled Tuesday Blitz April 11 Early 2023"]
[White "Nurgaliyeva, Zarina"]
[Black "polandchessplayer"]
[WhiteFideId "13730096"]
[WhiteElo "2134"]
[BlackElo "2647"]
[Result "0-1"]
[Round "02"]
[TimeControl "180+2"]
[Date "2023.04.11"]
[WhiteClock "0:00:01"]
[BlackClock "0:00:36"]

1. e4 c6 2. d4 d5 3. exd5 cxd5 4. Bd3 Nc6 5. c3 Nf6 6. Bf4 g6 7. Nf3 Bf5 8. Be2 Bg7 9. O-O O-O 10. Nbd2 Ne4 11. Nh4 Nxd2 12. Qxd2 Bd7 13. Bh6 e5 14. Bg5 f6 15. Bh6 f5 16. Nf3 e4 17. Ne5 Nxe5 18. dxe5 Be6 19. Bxg7 Kxg7 20. Rad1 Qb6 21. b3 Rfd8 22. Qg5 Bf7 23. Rd4 Rac8 24. Qe3 Rc7 25. c4 Rcd7 26. Rfd1 Be6 27. cxd5 Rxd5 28. Rxd5 Qxe3 29. fxe3 Rxd5 30. Rc1 Rd2 31. Kf1 Kf7 32. Rc7+ Rd7 33. Rc5 b6 34. Rc6 Ke7 35. Ke1 Bd5 36. Rc8 Ke6 37. Bb5 Re7 38. Kd2 Kxe5 39. Kc3 Bb7 40. Rh8 Rc7+ 41. Kb2 a6 42. Bc4 b5 43. Bg8 h5 44. Bh7 Kf6 45. Bg8 f4 46. exf4 e3 47. b4 e2 0-1


[Site "https://www.chess.com"]

[Event "Titled Tuesday Blitz April 11 Early 2023"]
[White "Derichs, Roger"]
[Black "Darini, Pouria"]
[WhiteFideId "4630076"]
[BlackFideId "12502200"]
[WhiteElo "2365"]
[BlackElo "2482"]
[Result "0-1"]
[Round "02"]
[TimeControl "180+2"]
[Date "2023.04.11"]
[WhiteClock "0:00:01"]
[BlackClock "0:00:34"]

1. d4 Nf6 2. c4 e6 3. g3 d5 4. Nf3 Bb4+ 5. Bd2 a5 6. Qc1 O-O 7. Bg2 c5 8. dxc5 d4 9. O-O Nc6 10. Bg5 Bxc5 11. Nbd2 Be7 12. Rd1 e5 13. a3 Bf5 14. Nh4 Bg4 15. Kf1 h6 16. Bxf6 Bxf6 17. Nhf3 Bf5 18. Ne1 Bg5 19. Nef3 Be7 20. Ne1 Qb6 21. Be4 Bh3+ 22. Bg2 Be6 23. Ne4 Rad8 24. c5 Qb5 25. Nd3 a4 26. Rd2 Na5 27. Rc2 Nb3 28. Qb1 f5 29. Nd6 Bxd6 30. cxd6 Rxd6 31. Rc7 Bd5 32. Bxd5+ Qxd5 33. Kg1 Rf7 34. Rc8+ Kh7 35. Qd1 Nxa1 36. Qxa1 b6 37. Qb1 Qe4 38. Qc1 Qxe2 39. Nb4 d3 0-1


[Site "https://www.chess.com"]

[Event "Titled Tuesday Blitz April 11 Early 2023"]
[White "Seo, Jung Min"]
[Black "Andrews, Todd"]
[WhiteFideId "1734687"]
[BlackFideId "2012456"]
[WhiteElo "2468"]
[BlackElo "2332"]
[Result "1-0"]
[Round "02"]
[TimeControl "180+2"]
[Date "2023.04.11"]
[WhiteClock "0:01:11"]
[BlackClock "0:00:18"]

1. e4 e6 2. d4 d5 3. e5 c5 4. c3 Nc6 5. Nf3 Bd7 6. Be2 Qb6 7. O-O Nge7 8. dxc5 Qxc5 9. Bf4 Ng6 10. Bg3 f6 11. exf6 gxf6 12. Nbd2 Qb6 13. c4 d4 14. Ne4 Be7 15. c5 Qa5 16. a3 O-O 17. b4 Qd8 18. Nd6 b6 19. Nxd4 bxc5 20. bxc5 f5 21. h3 f4 22. Bh2 e5 23. Bc4+ Kh8 24. Nxc6 Bxc6 25. Nf7+ Rxf7 26. Qxd8+ Rxd8 27. Bxf7 Nh4 28. Rfd1 Rxd1+ 29. Rxd1 Bxg2 30. Bd5 Bf3 31. c6 Bd6 32. Bxf3 Nxf3+ 33. Kg2 Nh4+ 34. Kf1 Nf5 35. Bg1 Kg7 36. f3 Kf6 37. Bxa7 Ke6 38. Bb6 h5 39. a4 h4 40. a5 e4 41. fxe4 Ng3+ 42. Kg2 Nxe4 43. a6 Ng5 44. a7 f3+ 45. Kf1 1-0


[Site "https://www.chess.com"]

[Event "Titled Tuesday Blitz April 11 Early 2023"]
[White "Alekseenko, Kirill"]
[Black "Ward, Ieuan C"]
[WhiteFideId "4135539"]
[BlackFideId "406627"]
[WhiteElo "2683"]
[BlackElo "2322"]
[Result "1-0"]
[Round "02"]
[TimeControl "180+2"]
[Date "2023.04.11"]
[WhiteClock "0:00:11"]
[BlackClock "0:00:08"]

1. d4 Nf6 2. Nc3 d5 3. Bf4 e6 4. Nb5 Na6 5. e3 c6 6. Nc3 Bd6 7. Nf3 O-O 8. Ne5 c5 9. a3 Nc7 10. dxc5 Bxc5 11. Bd3 Nd7 12. Qh5 f5 13. Nxd7 Bxd7 14. O-O-O Ne8 15. f3 Nf6 16. Qh3 Rc8 17. Ne2 Qa5 18. Be5 Bb5 19. Kb1 Bxd3 20. Rxd3 Qb6 21. Nd4 Nd7 22. Rb3 Qa6 23. Bg3 Bxd4 24. exd4 Qe2 25. Rc1 Nb6 26. Be5 Rf7 27. f4 Nc4 28. Rd3 Nxe5 29. fxe5 Rfc7 30. c3 Qe4 31. Ka2 b5 32. Re3 Qf4 33. Qg3 Qxg3 34. Rxg3 a5 35. Kb3 g6 36. h4 Kg7 37. Rf3 h5 38. Ra1 Rc4 39. Rd3 R8c7 40. Kc2 Rc8 41. b3 R4c6 42. Kd2 R8c7 43. Ra2 Kh6 44. a4 b4 45. cxb4 axb4 46. a5 Ra7 47. Ra4 Rca6 48. Rxb4 Rxa5 49. Rb6 R5a6 50. Rxa6 Rxa6 51. b4 Ra2+ 52. Kc3 Rxg2 53. b5 Rg1 54. Kb4 f4 55. b6 Rb1+ 56. Rb3 Rxb3+ 57. Kxb3 f3 58. b7 g5 59. b8=Q gxh4 60. Qf8+ Kg5 61. Qxf3 1-0


[Site "https://www.chess.com"]

[Event "Titled Tuesday Blitz April 11 Early 2023"]
[White "Kukreja, Sankalp"]
[Black "Gholami Orimi, Mahdi"]
[WhiteFideId "45027676"]
[BlackFideId "12558486"]
[WhiteElo "2126"]
[BlackElo "2363"]
[Result "0-1"]
[Round "02"]
[TimeControl "180+2"]
[Date "2023.04.11"]
[WhiteClock "0:00:10"]
[BlackClock "0:01:50"]

1. e4 e5 2. Nf3 Nc6 3. Bc4 Bc5 4. c3 Nf6 5. d3 a6 6. Nbd2 Ba7 7. Bb3 h6 8. h3 O-O 9. O-O d5 10. exd5 Nxd5 11. Nc4 f6 12. Re1 Kh8 13. Nh4 Nde7 14. Ne3 f5 15. Qf3 Qd6 16. Nc4 Qf6 17. g3 f4 18. Ng2 fxg3 19. Qxf6 Rxf6 20. Re2 gxf2+ 21. Kf1 Bxh3 22. Be3 Nf5 23. Bxf2 Ng3+ 24. Ke1 Nxe2 25. Bxa7 Nxa7 26. Kxe2 Bxg2 27. Nxe5 Re8 28. d4 Nc6 29. Kd2 Nxe5 30. dxe5 Rxe5 0-1


[Site "https://www.chess.com"]

[Event "Titled Tuesday Blitz April 11 Early 2023"]
[White "Doctoorx"]
[Black "Zakhartsov, Vladimir"]
[BlackFideId "4145097"]
[WhiteElo "2431"]
[BlackElo "2497"]
[Result "0-1"]
[Round "02"]
[TimeControl "180+2"]
[Date "2023.04.11"]
[WhiteClock "0:00:30"]
[BlackClock "0:01:16"]

1. Nf3 g6 2. g3 Bg7 3. Bg2 c6 4. O-O d5 5. d3 e5 6. Nbd2 Ne7 7. e4 O-O 8. Re1 dxe4 9. dxe4 h6 10. b3 Be6 11. Bb2 Qc7 12. Qe2 Nd7 13. Rad1 b6 14. Nc4 b5 15. Ne3 a5 16. c4 b4 17. Nc2 Rfb8 18. Qd2 Nc5 19. Qd6 Qxd6 20. Rxd6 a4 21. Bxe5 axb3 22. axb3 Bxe5 23. Nxe5 Nxb3 24. Nxc6 Nxc6 25. Rxc6 Na5 26. Rc5 b3 27. Ne3 b2 28. Rb1 Nb3 0-1


[Site "https://www.chess.com"]

[Event "Titled Tuesday Blitz April 11 Early 2023"]
[White "Khanin, Semen"]
[Black "Hadzimanolis, Antonios"]
[WhiteFideId "4111990"]
[BlackFideId "4202813"]
[WhiteElo "2458"]
[BlackElo "2242"]
[Result "0-1"]
[Round "02"]
[TimeControl "180+2"]
[Date "2023.04.11"]
[WhiteClock "0:00:09"]
[BlackClock "0:00:40"]

1. d4 d5 2. Nf3 Nf6 3. Bf4 e6 4. e3 c5 5. Nbd2 Nc6 6. c3 Bd6 7. Bd3 O-O 8. O-O Bxf4 9. exf4 cxd4 10. cxd4 Qb6 11. Nb3 Bd7 12. Qd2 Rac8 13. Rac1 Nb4 14. Bb1 Ne4 15. Qe3 Bb5 16. Rfe1 Nd6 17. Nc5 Nf5 18. Qa3 Na6 19. Bxf5 exf5 20. Ne5 Nxc5 21. dxc5 Qa6 22. Qxa6 Bxa6 23. Nf3 Rfe8 24. Nd4 Re4 25. Rxe4 fxe4 26. b4 Bc4 27. a4 a5 28. bxa5 Rxc5 29. Nb3 Rc6 30. Nd4 Rc5 31. h4 Rxa5 32. Rb1 Ba6 33. Rb4 g6 34. g4 Rc5 35. Rb6 Rc4 36. Nb3 Rxa4 37. Nc5 Ra1+ 38. Kh2 Be2 39. Nd7 Bxg4 40. Nf6+ Kg7 41. Nxg4 d4 42. Rxb7 d3 43. Rd7 Kf8 44. Ne5 f6 45. Ng4 f5 46. Ne3 Re1 47. h5 gxh5 48. Nxf5 Re2 49. Kg3 d2 50. Ne3 h4+ 51. Kxh4 Rxf2 52. Kg5 h5 53. f5 Rf3 54. Nc4 e3 55. Kf6 Ke8 56. Ne5 e2 57. Rh7 Rxf5+ 58. Kxf5 e1=Q 59. Ke6 Kd8 60. Rh8+ Kc7 61. Rxh5 d1=Q 0-1


[Site "https://www.chess.com"]

[Event "Titled Tuesday Blitz April 11 Early 2023"]
[White "Inepton_Fermion"]
[Black "Zemlyanskii, Ivan"]
[BlackFideId "24249971"]
[WhiteElo "2429"]
[BlackElo "2419"]
[Result "0-1"]
[Round "02"]
[TimeControl "180+2"]
[Date "2023.04.11"]
[WhiteClock "0:00:03"]
[BlackClock "0:00:18"]

1. e4 Nc6 2. Nf3 d5 3. exd5 Qxd5 4. Nc3 Qa5 5. d4 Nf6 6. Bc4 Bg4 7. O-O O-O-O 8. Be3 Nxd4 9. Bxd4 e5 10. h3 exd4 11. hxg4 dxc3 12. Bd3 cxb2 13. Bf5+ Nd7 14. Rb1 g6 15. Qd4 Bd6 16. Bxd7+ Kxd7 17. Rxb2 b6 18. a4 Qc5 19. Qd3 Kc8 20. Rb5 Qc6 21. Qb3 a6 22. Nd4 Qe4 23. Rxb6 cxb6 24. Qxb6 Qxd4 0-1


[Site "https://www.chess.com"]

[Event "Titled Tuesday Blitz April 11 Early 2023"]
[White "Harsh Suresh"]
[Black "Bas Mas, Jose Joaquin"]
[WhiteFideId "45018464"]
[BlackFideId "22219064"]
[WhiteElo "2227"]
[BlackElo "2233"]
[Result "1-0"]
[Round "02"]
[TimeControl "180+2"]
[Date "2023.04.11"]
[WhiteClock "0:00:16"]
[BlackClock "0:00:11"]

1. e4 e6 2. d3 d5 3. Nd2 c5 4. Ngf3 Nc6 5. g3 Nge7 6. Bg2 g6 7. O-O Bg7 8. Re1 b6 9. e5 Qc7 10. Qe2 g5 11. g4 Ng6 12. Nf1 h6 13. Ng3 Bxe5 14. Nxe5 Qxe5 15. Qd1 Qd6 16. c4 Nce7 17. cxd5 Nxd5 18. d4 O-O 19. Ne4 Qe7 20. dxc5 bxc5 21. b3 Ngf4 22. Bb2 f6 23. Ng3 Nxg2 24. Kxg2 Nf4+ 25. Kg1 Bb7 26. Qc2 Rad8 27. Re3 Ba8 28. Rae1 Qf7 29. Ne4 e5 30. Ng3 Rd5 31. Nf5 Qh7 32. Qc4 Rd8 33. h4 Kf8 34. h5 Qb7 35. f3 Nh3+ 36. Kh2 Nf4 37. Kg1 Rd2 38. Qxc5+ Ke8 39. Rxe5+ fxe5 40. Rxe5+ Kd7 41. Re7# 1-0


[Site "https://www.chess.com"]

[Event "Titled Tuesday Blitz April 11 Early 2023"]
[White "Mikhailovsky, Vladimir"]
[Black "Estrada Nieto, Julian"]
[WhiteFideId "34105414"]
[BlackFideId "5101018"]
[WhiteElo "2275"]
[BlackElo "2161"]
[Result "1-0"]
[Round "02"]
[TimeControl "180+2"]
[Date "2023.04.11"]
[WhiteClock "0:01:11"]
[BlackClock "0:02:13"]

1. d4 Nf6 2. c4 e6 3. Nf3 c5 4. h3 d5 5. cxd5 exd5 6. g3 Nc6 7. Bg2 Be7 8. O-O O-O 9. Nc3 a6 10. dxc5 Bxc5 11. Bg5 Be6 12. Rc1 Ba7 13. Na4 h6 14. Bh4 g5 15. Nxg5 hxg5 16. Bxg5 Kg7 17. Qd2 Qd6 18. Bh6+ Kh7 19. Qg5 Ng8 20. Qg7# 1-0


[Site "https://www.chess.com"]

[Event "Titled Tuesday Blitz April 11 Early 2023"]
[White "Hambleton, Aman"]
[Black "Sargissyan, Sargis"]
[WhiteFideId "2606577"]
[BlackFideId "13303210"]
[WhiteElo "2511"]
[BlackElo "2109"]
[Result "1-0"]
[Round "02"]
[TimeControl "180+2"]
[Date "2023.04.11"]
[WhiteClock "0:00:03"]
[BlackClock "0:00:06"]

1. d4 Nf6 2. c4 g6 3. Nc3 d5 4. cxd5 Nxd5 5. Bd2 Bg7 6. e4 Nb6 7. Be3 O-O 8. h3 Nc6 9. Nf3 e5 10. d5 Ne7 11. a4 f5 12. Qb3 Kh8 13. Rd1 fxe4 14. Ng5 Nf5 15. Ncxe4 Nxe3 16. fxe3 Bf5 17. a5 Bxe4 18. Nxe4 Qh4+ 19. Kd2 Qxe4 20. axb6 Rf2+ 21. Ke1 Qh4 22. Rd2 Raf8 23. Rxf2 Qxf2+ 24. Kd1 axb6 25. Be2 Qxg2 26. Re1 Bh6 27. Qd3 Rd8 28. e4 Qg5 29. Kc2 c6 30. Rd1 cxd5 31. exd5 Bg7 32. Qe4 Qg3 33. Bg4 Qf2+ 34. Kb1 Qc5 35. Qd3 Rd6 36. Qe4 h5 37. Be2 Kh7 38. Bxh5 Qf2 39. Bf3 Qg3 40. h4 Qf4 41. h5 Qxe4+ 42. Bxe4 Kh6 43. hxg6 Kg5 44. Rf1 Bf6 45. Kc2 b5 46. Kd3 b4 47. Rg1+ Kh6 48. Rf1 Kg7 49. Rh1 Bg5 50. Rh7+ Kg8 51. Rxb7 Bf6 52. Kc4 b3 53. Kc5 Rd8 54. d6 Bg5 55. Kd5 Bf6 56. Ke6 Bg7 57. d7 Bf8 58. Rc7 Ra8 59. Rc8 Ra6+ 60. Kf5 Kg7 61. d8=Q Rf6+ 62. Qxf6+ 1-0


[Site "https://www.chess.com"]

[Event "Titled Tuesday Blitz April 11 Early 2023"]
[White "Idani, Pouya"]
[Black "Melikhov, Evgeny V."]
[WhiteFideId "12510130"]
[BlackFideId "4122046"]
[WhiteElo "2574"]
[BlackElo "2158"]
[Result "0-1"]
[Round "02"]
[TimeControl "180+2"]
[Date "2023.04.11"]
[WhiteClock "0:00:03"]
[BlackClock "0:00:29"]

1. e4 e5 2. Nf3 Nc6 3. Bc4 Nf6 4. d3 Be7 5. O-O O-O 6. Re1 d6 7. d4 exd4 8. Nxd4 Nxd4 9. Qxd4 Be6 10. Nc3 Bxc4 11. Qxc4 c6 12. Bg5 h6 13. Bh4 Nh5 14. Bg3 Nxg3 15. hxg3 Bf6 16. Rad1 Bxc3 17. Qxc3 Qc7 18. Rd4 Rfe8 19. Qd3 Re6 20. Rd1 Rae8 21. f3 d5 22. exd5 cxd5 23. Rg4 Re2 24. Rd2 Qb6+ 25. Rd4 Re1+ 26. Kh2 Qxb2 27. Rxd5 Qa1 28. g4 Qf6 29. Kg3 Rh1 30. Qd4 Qh4+ 31. Kf4 Qh2+ 32. Kf5 Rhe1 33. g5 g6+ 34. Kg4 h5# 0-1


[Site "https://www.chess.com"]

[Event "Titled Tuesday Blitz April 11 Early 2023"]
[White "Gatterer, Florian"]
[Black "Yuan, Qingyu"]
[WhiteFideId "811688"]
[BlackFideId "8609772"]
[WhiteElo "2221"]
[BlackElo "2359"]
[Result "1/2-1/2"]
[Round "02"]
[TimeControl "180+2"]
[Date "2023.04.11"]
[WhiteClock "0:00:10"]
[BlackClock "0:00:21"]

1. c4 g6 2. g3 Bg7 3. Bg2 e5 4. Nc3 Ne7 5. e4 Nbc6 6. Nge2 O-O 7. d3 d6 8. O-O Nd4 9. Nxd4 exd4 10. Ne2 c6 11. f4 f5 12. Kh1 Kh8 13. Bd2 fxe4 14. Bxe4 d5 15. cxd5 Nxd5 16. Rb1 Bh3 17. Bg2 Bg4 18. Bf3 Bh3 19. Bg2 Qd7 20. Ng1 Bf5 21. Be4 Rae8 22. Re1 Nf6 23. Bxf5 Qxf5 24. Qf3 Re6 25. Rxe6 Qxe6 26. b3 Re8 27. Re1 Qd7 28. Rxe8+ Qxe8 29. Qe2 Qd7 30. Qf3 h5 31. h3 Qe6 32. Kg2 Kg8 33. Ne2 Nd5 34. Qe4 Kf7 35. Qxe6+ Kxe6 36. Kf3 c5 37. g4 hxg4+ 38. hxg4 Bf8 39. Ke4 Nf6+ 40. Kf3 Bd6 41. Be1 b5 42. Bh4 Nd5 43. Ke4 Nc3+ 44. Nxc3 dxc3 45. f5+ gxf5+ 46. gxf5+ Kf7 47. Be1 b4 48. d4 cxd4 49. Kxd4 Bf4 50. Kd3 Kf6 51. a3 bxa3 52. Bxc3+ Kxf5 53. Kc2 Bd6 54. Kb1 Ke4 55. Ka2 Kd3 56. Be1 Ke2 57. Ba5 Kd3 58. b4 Kc4 59. Kxa3 a6 60. Ka4 Be7 61. Bb6 Bxb4 62. Ba7 Bc3 63. Bb6 Kd5 64. Ba7 Kc6 65. Bf2 Kb7 66. Be3 Be5 67. Bf2 Bf4 68. Bd4 Bc7 69. Be3 Bg3 70. Bd4 Bd6 71. Be3 Bc7 72. Bd4 Kc6 73. Be3 Bb6 74. Bxb6 Kxb6 75. Kb4 a5+ 76. Ka4 Ka6 77. Ka3 Kb5 78. Kb3 a4+ 79. Ka3 Ka5 80. Kb2 Kb4 81. Ka2 Kc4 82. Ka3 Kc5 83. Kxa4 1/2-1/2


[Site "https://www.chess.com"]

[Event "Titled Tuesday Blitz April 11 Early 2023"]
[White "Khoroshev, Nikita"]
[Black "Szyszylo, Rafal"]
[WhiteFideId "14200287"]
[BlackFideId "1109626"]
[WhiteElo "2354"]
[BlackElo "1951"]
[Result "1-0"]
[Round "02"]
[TimeControl "180+2"]
[Date "2023.04.11"]
[WhiteClock "0:00:27"]
[BlackClock "0:00:08"]

1. e4 g6 2. d4 d6 3. Nc3 Nf6 4. f4 Bg7 5. Nf3 O-O 6. e5 Nfd7 7. h4 c5 8. h5 cxd4 9. Qxd4 dxe5 10. Qf2 e4 11. Nxe4 Nf6 12. Nxf6+ exf6 13. Bd2 Re8+ 14. Be2 Qb6 15. Qxb6 axb6 16. hxg6 hxg6 17. Bc3 Bf5 18. Nd4 Bg4 19. Kf2 f5 20. Bxg4 fxg4 21. Rhe1 Nc6 22. Rxe8+ Rxe8 23. Ne2 Bxc3 24. Nxc3 Nd4 25. Rc1 Rc8 26. Nd5 Rxc2+ 27. Rxc2 Nxc2 28. Nxb6 Nb4 29. a3 Nd3+ 30. Kg3 Nxb2 31. Kxg4 Kf8 32. f5 gxf5+ 33. Kxf5 Ke7 34. Ke5 Nd3+ 35. Kd4 Nf4 36. Nd5+ Nxd5 37. Kxd5 Kf6 38. a4 Kg5 39. a5 f5 40. Kd6 Kf4 41. Ke6 Ke4 42. g3 1-0


[Site "https://www.chess.com"]

[Event "Titled Tuesday Blitz April 11 Early 2023"]
[White "Pakleza, Zbigniew"]
[Black "Zhukova, Natalia"]
[WhiteFideId "1119290"]
[BlackFideId "14101513"]
[WhiteElo "2410"]
[BlackElo "2297"]
[Result "0-1"]
[Round "02"]
[TimeControl "180+2"]
[Date "2023.04.11"]
[WhiteClock "0:00:35"]
[BlackClock "0:00:24"]

1. d4 Nf6 2. Nf3 d5 3. Bf4 e6 4. e3 c5 5. c3 Nc6 6. Nbd2 Be7 7. Bd3 Nh5 8. Be5 f6 9. Bg3 g6 10. Bh4 e5 11. dxe5 fxe5 12. Bxe7 Qxe7 13. e4 Nf4 14. Bf1 d4 15. g3 Nh3 16. Qb3 Bg4 17. Ng1 Nxg1 18. Rxg1 Be6 19. Bc4 Bxc4 20. Nxc4 O-O-O 21. O-O-O Rhf8 22. Rgf1 Rf3 23. Nd2 Rd3 24. f4 dxc3 25. bxc3 Nd4 26. Qa4 Ne2+ 27. Kc2 Nxc3 28. Qxa7 Nxd1 29. Rxd1 exf4 30. gxf4 Rxd2+ 31. Rxd2 Qxe4+ 32. Kb3 Qb4+ 0-1


[Site "https://www.chess.com"]

[Event "Titled Tuesday Blitz April 11 Early 2023"]
[White "Melaugh, Shane"]
[Black "Dzagnidze, Nana"]
[WhiteFideId "2509580"]
[BlackFideId "13601903"]
[WhiteElo "2034"]
[BlackElo "2406"]
[Result "1/2-1/2"]
[Round "02"]
[TimeControl "180+2"]
[Date "2023.04.11"]
[WhiteClock "0:00:52"]
[BlackClock "0:00:48"]

1. c4 Nf6 2. Nc3 c5 3. g3 Nc6 4. Bg2 g6 5. e3 Bg7 6. Nge2 O-O 7. O-O d6 8. d4 Bg4 9. h3 Bxe2 10. Nxe2 Rc8 11. b3 d5 12. Bb2 cxd4 13. Nxd4 Nxd4 14. Bxd4 dxc4 15. Bxb7 Rc7 16. Bg2 Ne8 17. Bxg7 Qxd1 18. Rfxd1 Kxg7 19. bxc4 Nd6 20. Rdc1 Rfc8 21. Bf1 Nxc4 22. Bxc4 Rxc4 23. Rxc4 Rxc4 24. Rb1 Rc2 25. Rb7 Rxa2 26. Rxe7 h5 27. Kg2 a5 28. Ra7 a4 29. g4 hxg4 30. hxg4 g5 31. Kg3 1/2-1/2


[Site "https://www.chess.com"]

[Event "Titled Tuesday Blitz April 11 Early 2023"]
[White "HSH1987"]
[Black "Shukhman, Anna"]
[BlackFideId "54180058"]
[WhiteElo "2689"]
[BlackElo "2125"]
[Result "1/2-1/2"]
[Round "02"]
[TimeControl "180+2"]
[Date "2023.04.11"]
[WhiteClock "0:00:05"]
[BlackClock "0:00:13"]

1. e4 Nf6 2. e5 Nd5 3. d4 d6 4. Nf3 g6 5. Be2 Bg7 6. exd6 cxd6 7. O-O O-O 8. c4 Nb6 9. Nc3 Bf5 10. d5 Qc8 11. Bg5 f6 12. Be3 Nxc4 13. Bxc4 Qxc4 14. Nd4 Bd7 15. Rc1 Qb4 16. Qd2 Na6 17. Rfe1 Rac8 18. a3 Qa5 19. Bh6 Qd8 20. b4 Nc7 21. h4 Ne8 22. Bxg7 Nxg7 23. Re3 Nf5 24. Nxf5 Bxf5 25. Rce1 Rc7 26. Nb5 Rd7 27. Nd4 Rc7 28. Nxf5 gxf5 29. Rg3+ Kh8 30. Qf4 Qc8 31. Re6 Rg8 32. Qxf5 Rxg3 33. fxg3 Qg8 34. Kh2 Qg6 35. Qf4 Kg7 36. Qe3 Kf7 37. Qxa7 Rc3 38. Re3 Rxe3 39. Qxe3 Qf5 40. Qf3 Qc2 41. g4 b5 42. h5 Kg7 43. Kh3 Qb2 44. Kh4 Qd4 45. Qf5 Qd1 46. Qe4 Kf8 47. Kh3 Qb3+ 48. Kh2 Qd1 49. Qxh7 Qxd5 50. Qg6 Qe5+ 51. Kh3 Qe3+ 52. g3 Qf2 53. h6 Qf1+ 54. Kh2 Qf2+ 55. Kh3 Qf1+ 56. Kh2 Qf2+ 57. Kh3 1/2-1/2


[Site "https://www.chess.com"]

[Event "Titled Tuesday Blitz April 11 Early 2023"]
[White "Rendle, Thomas E"]
[Black "DIM90"]
[WhiteFideId "408760"]
[WhiteElo "2428"]
[BlackElo "2410"]
[Result "1-0"]
[Round "02"]
[TimeControl "180+2"]
[Date "2023.04.11"]
[WhiteClock "0:00:28"]
[BlackClock "0:00:41"]

1. e4 e5 2. Nf3 Nf6 3. Nxe5 d6 4. Nd3 Nxe4 5. Be2 d5 6. O-O Bd6 7. b3 O-O 8. Bb2 Qh4 9. f4 Nc6 10. Nc3 Be6 11. Qe1 Qxe1 12. Rfxe1 Nxd2 13. f5 Bxf5 14. Nxd5 Rfe8 15. Rad1 Ne4 16. g3 Ng5 17. N5f4 Ne5 18. Nxe5 Bxe5 19. Bxe5 Rxe5 20. h4 Ne4 21. Bf3 Rae8 22. g4 Bc8 23. Rxe4 Rxe4 24. Bxe4 Bxg4 25. Rd4 c5 26. Rd2 g5 27. Nd5 Kg7 28. Bg2 gxh4 29. Nf4 b6 30. Kf2 h5 31. Rd5 Re7 32. Nxh5+ Bxh5 33. Rxh5 Rd7 34. Ke3 Re7+ 35. Be4 h3 36. Kf4 Rd7 37. Rxh3 Rd2 38. Rg3+ Kf6 39. Rg2 Rd4 40. Ke3 Rd1 41. Rf2+ Ke7 42. Bd3 Re1+ 43. Kd2 Re5 44. Re2 Kd6 45. Rxe5 Kxe5 46. Ke3 f6 47. a3 Kd5 48. c3 Ke5 49. Ba6 Kd5 50. Bb7+ Ke5 51. a4 a5 52. Ba8 f5 53. Bb7 f4+ 54. Kf3 Kf5 55. Be4+ Ke5 56. Bd3 Kd5 57. Kxf4 c4 58. Bxc4+ Kc5 59. Bb5 Kd6 60. Ke3 Kc5 61. Kd3 Kd6 62. Kd4 Ke6 63. b4 Kd6 64. bxa5 bxa5 65. c4 Kc7 66. Kc5 Kb7 67. Kd5 Ka7 1-0


[Site "https://www.chess.com"]

[Event "Titled Tuesday Blitz April 11 Early 2023"]
[White "Itgelt, Khuyagtsogt"]
[Black "Zeman, Matyas"]
[WhiteFideId "4902912"]
[BlackFideId "364398"]
[WhiteElo "2227"]
[BlackElo "2254"]
[Result "0-1"]
[Round "02"]
[TimeControl "180+2"]
[Date "2023.04.11"]
[WhiteClock "0:00:08"]
[BlackClock "0:00:25"]

1. e4 c5 2. Nf3 Nc6 3. g3 g6 4. Bg2 Bg7 5. O-O d6 6. Re1 Bg4 7. h3 Bxf3 8. Bxf3 Nf6 9. c3 O-O 10. d4 cxd4 11. cxd4 e5 12. dxe5 dxe5 13. Nc3 Qxd1 14. Rxd1 Nd4 15. Bg2 Rfd8 16. Bg5 h6 17. Bxf6 Bxf6 18. Nd5 Bg7 19. Rac1 Bf8 20. Rc7 Rab8 21. Bf1 Ne6 22. Rc3 Bb4 23. Rb3 Bc5 24. Kg2 Kg7 25. Bc4 Bd4 26. Ra3 a6 27. b4 h5 28. Rad3 h4 29. Bb3 hxg3 30. fxg3 Rh8 31. Rf1 Ng5 32. Nc3 Rxh3 33. Rxf7+ Nxf7 34. Kxh3 Rh8+ 35. Kg2 Nd6 36. Ne2 Nxe4 37. Nxd4 exd4 38. Rxd4 Nf6 39. Rc4 Rd8 40. Rc7+ Rd7 41. Rc8 Ne4 42. Rg8+ Kf6 43. Rf8+ Ke5 44. Re8+ Kd4 45. Kh3 Rh7+ 46. Kg2 Rd7 47. Bc2 Nc3 48. a3 Rd6 49. Re7 b5 50. Rg7 Ne4 51. Kf3 Nd2+ 52. Kg4 Ne4 53. Bxe4 Kxe4 54. Kg5 Rd3 55. Kxg6 Rxg3+ 56. Kf6 Rxg7 57. Kxg7 Kd3 58. Kf6 Kc3 59. Ke5 Kb3 60. Kd4 Kxa3 61. Kc5 Ka4 62. Kb6 Kxb4 63. Kxa6 Kc4 0-1


[Site "https://www.chess.com"]

[Event "Titled Tuesday Blitz April 11 Early 2023"]
[White "Van Osch, Mees"]
[Black "Makhnev, Denis"]
[WhiteFideId "1035967"]
[BlackFideId "13707647"]
[WhiteElo "2324"]
[BlackElo "2515"]
[Result "0-1"]
[Round "02"]
[TimeControl "180+2"]
[Date "2023.04.11"]
[WhiteClock "0:00:01"]
[BlackClock "0:00:34"]

1. e4 c6 2. d4 d5 3. Nc3 dxe4 4. Nxe4 Bf5 5. Ng3 Bg6 6. Nh3 e6 7. Nf4 Bd6 8. h4 Qc7 9. Nxg6 hxg6 10. Ne4 Bf4 11. Bxf4 Qxf4 12. Ng5 Nf6 13. g3 Qd6 14. Bg2 Qb4+ 15. Qd2 Qxb2 16. O-O Qb6 17. a4 O-O 18. a5 Qc7 19. Rfe1 Nbd7 20. a6 b6 21. c4 Rad8 22. Qe3 Rfe8 23. Rad1 Nb8 24. Qa3 Re7 25. d5 Red7 26. Nxf7 Rxf7 27. dxe6 Re7 28. Rd3 Rxd3 29. Qxd3 Nxa6 30. Qxg6 Nc5 31. h5 Rxe6 32. Rxe6 Nxe6 33. h6 Qf7 34. Qf5 gxh6 35. Bxc6 Nd4 36. Qc8+ Qf8 37. Qb7 Nxc6 38. Qxc6 Qe7 39. Qc8+ Kg7 40. Kg2 a5 41. Qb8 Qe6 0-1


[Site "https://www.chess.com"]